 Dungeon Crawl Stone Soup version 0.22-a0-848-ge9e22a0 (webtiles) character file.

33567 Kuinu the Warrior (level 13, -5/190 HPs)
             Began as a Minotaur Fighter on July 26, 2018.
             Was a High Priest of Trog.
             Slain by an 11-headed hydra (11 damage)
             ... on level 5 of the Lair of Beasts.
             The game lasted 00:53:36 (16992 turns).

Kuinu the Warrior (Minotaur Fighter)               Turns: 16992, Time: 00:53:37

Health: -5/190     AC: 16    Str: 32    XL:     13   Next: 37%
Magic:  12/12      EV: 11    Int:  9    God:    Trog [*****.]
Gold:   1376       SH: 13    Dex:  9    Spells: 12/12 levels left

rFire    + . .     SeeInvis .   K - +2 flail
rCold    + . .     Gourm    .   c - +0 shield
rNeg     + . .     Faith    .   p - +1 plate armour
rPois    .         Spirit   .   (helmet restricted)
rElec    .         Reflect  .   N - scarf {rC+ rF+}
rCorr    .         Harm     .   (no gloves)
MR       ++...                  (no boots)
Stlth    ..........             i - amulet of regeneration
HPRegen  1.81/turn              j - +4 ring of evasion
MPRegen  0.13/turn              y - ring "Luoklon" {rN+ Int+4 Slay+2}

@: berserking, regenerating, very quick
A: retaliatory headbutt, horns 2
a: Berserk, Trog's Hand, Brothers in Arms, Renounce Religion


You were on level 5 of the Lair of Beasts.
You worshipped Trog.
Trog was extremely pleased with you.
You were very hungry.

You visited 3 branches of the dungeon, and saw 19 of its levels.

You collected 1376 gold pieces.

Inventory:

Hand Weapons
 g - a +3 quarterstaff of chaos
 u - a +2 spear of freezing
 A - a +1 whip of flaming
 K - a +2 flail (weapon)
 L - a +3 war axe
 O - a +0 hand axe of freezing
 T - a +2 broad axe
 V - a +2 halberd
Armour
 c - a +0 shield (worn)
 p - a +1 plate armour (worn)
 q - a +0 cloak
 N - a scarf of resistance (worn)
 X - a +0 scale mail of fire resistance
Jewellery
 a - an uncursed ring of magical power
 h - a +2 ring of dexterity
 i - an amulet of regeneration (around neck)
 j - a +4 ring of evasion (left hand)
 y - the ring "Luoklon" (right hand) {rN+ Int+4 Slay+2}
   (You found it on level 4 of the Dungeon)

   [ring of positive energy]

   It affects your intelligence (+4).
   It affects your accuracy and damage with ranged weapons and melee attacks
   (+2).
   It protects you from negative energy.
 E - an uncursed ring of flight
 I - an uncursed ring of poison resistance
 Z - the ring of the Mage {Wiz MR++ Int+3}
   (You found it on level 12 of the Dungeon)

   [ring of wizardry]

   It improves your spell success rate.
   It affects your intelligence (+3).
   It affects your resistance to hostile enchantments.
Wands
 b - a wand of disintegration (6)
 r - a wand of scattershot (6)
 s - a wand of iceblast (12)
 t - a wand of polymorph (16)
 x - a wand of paralysis (11)
 H - a wand of acid (23)
 Q - a wand of random effects (60)
 U - a wand of flame (45)
 Y - a wand of enslavement (18)
Scrolls
 e - 5 scrolls of teleportation
 k - a scroll of identify
 l - 2 scrolls of vulnerability
 B - a scroll of fog
 D - 2 scrolls of enchant armour
 P - 4 scrolls of remove curse
 W - a scroll of enchant weapon
Potions
 d - 2 potions of flight
 m - 9 potions of curing
 n - 2 potions of agility {unknown}
 o - 4 potions of haste
 w - a potion of cancellation {unknown}
 z - 2 potions of invisibility
 C - a potion of brilliance {unknown}
 F - 3 potions of mutation
 G - 6 potions of lignification
 J - 3 potions of berserk rage
 M - 5 potions of heal wounds
 R - a potion of ambrosia
Miscellaneous
 S - a fan of gales
Comestibles
 f - 43 rations
 v - 3 chunks of flesh


   Skills:
 * Level 15.5 Fighting
 * Level 15.3 Axes
 + Level 11.8 Armour
 + Level 11.7 Shields


You had 12 spell levels left.
You didn't know any spells.
Your spell library was empty.

Dungeon Overview and Level Annotations

Branches:
Dungeon (13/15)            Temple (1/1) D:5            Lair (5/6) D:10
 Shoals (0/4) Lair:2       Spider (0/4) Lair:3          Orc (0/2) D:11
  Slime: Lair:5-6    Vaults: D:13-14

Altars:
Ashenzari
Cheibriados
Dithmenos
Elyvilon
Fedhas
Gozag
Hepliaklqana
Kikubaaqudgha
Makhleb
Nemelex Xobeh
Okawaru
Qazlal
Ru
Sif Muna
Trog
Uskayaw
Vehumet
Wu Jian
Xom
Yredelemnul
Zin
The Shining One

Shops:
D:5 :   D:9 (

Annotations:
D:12 1 runed door, Zuhah's ghost, journeyman DDFi
Lair:5 1 runed door, azzavlup's ghost, journeyman MiBe


Innate Abilities, Weirdness & Mutations

You reflexively headbutt those who attack you in melee.
You have a pair of horns on your head.


Message History

The 11-headed hydra completely misses you.
The 11-headed hydra bites you but does no damage. x2
The 11-headed hydra bites you.
* * * LOW HITPOINT WARNING * * *
You thump the 11-headed hydra!
The 11-headed hydra is lightly wounded.
You barely miss the 11-headed hydra.
The 11-headed hydra is lightly wounded.
The 11-headed hydra barely misses you. You furiously retaliate!
You headbutt the 11-headed hydra!
You block the 11-headed hydra's attack. x3
The 11-headed hydra bites you.
* * * LOW HITPOINT WARNING * * *
The 11-headed hydra bites you but does no damage. x4
The 11-headed hydra closely misses you.
The 11-headed hydra bites you but does no damage.
Unknown command.
You bludgeon the 11-headed hydra!!
The 11-headed hydra is severely wounded.
The 11-headed hydra bites you!
You die...

...............
................
.................
................?.
...}...............
........<......P.
.........P††..##
.........#@...#
#.......D....#
##.P......P##
#........P#
###.........#
#P...........#
##.............#
##................
#.................


You could see a 11-headed hydra.

Vanquished Creatures
  A hydra (D:11)
  7 two-headed ogres
  A death knight (D:10)
  Urug (Lair:4)
  Pikel (D:4)
  An orc knight (D:11)
  A centaur zombie (D:12)
  A manticore (D:12)
  2 black mambas
  A centaur skeleton (D:11)
  9 spiny frogs
  6 komodo dragons
  4 rime drakes
  A jumping spider (Lair:3)
  A troll (D:10)
  8 blink frogs
  10 hippogriffs
  A spriggan (shapeshifter) (D:12)
  A shadow (D:13)
  A vampire (D:12)
  A wyvern (D:9)
  A basilisk (Lair:2)
  18 yaks
  Eustachio (D:6)
  3 hungry ghosts
  Grum (D:9)
  A steam dragon (D:8)
  The ghost of Hebeh the Conjurer, an amateur DECj (D:3)
  7 water moccasins
  5 porcupines
  5 sky beasts
  9 orc warriors
  2 ice beasts
  A black bear (D:11)
  4 phantoms
  8 ogres
  25 wolves
  3 centaurs
  6 crocodiles
  A big kobold (D:7)
  12 bullfrogs
  Blork the orc (D:6)
  11 killer bees
  2 scorpions
  19 wights
  4 howler monkeys
  An electric eel (D:11)
  4 crimson imps
  A bullfrog zombie (D:8)
  3 quasits
  10 hounds
  5 jellies
  16 orc priests
  Crazy Yiuf (D:2)
  Ijyb (D:3)
  4 iguanas
  Terence (D:3)
  Natasha (D:2)
  21 orc wizards
  11 worker ants
  A hound skeleton (D:4)
  A howler monkey zombie (D:6)
  3 worker ant zombies (D:11)
  3 gnolls (D:6)
  14 adders
  2 howler monkey skeletons
  4 shadow imps
  An ooze (D:1)
  An adder zombie (D:9)
  2 adder skeletons (D:6)
  4 worms
  2 dart slugs (D:3)
  6 leopard geckos
  62 orcs
  14 bats
  5 giant cockroaches
  9 hobgoblins
  21 jackals
  10 kobolds
  3 quokkas
  6 ball pythons
  6 frilled lizards
  A giant cockroach zombie (D:6)
  7 goblins
  A leopard gecko skeleton (D:5)
  A leopard gecko zombie (D:6)
  7 rats
  3 fungi
491 creatures vanquished.

Vanquished Creatures (others)
  A plant (Lair:3)
1 creature vanquished.

Grand Total: 492 creatures vanquished

Notes
Turn   | Place    | Note
-------+----------+-------------------------------------------
     0 | D:1      | Kuinu the Minotaur Fighter began the quest for the Orb.
     0 | D:1      | Reached XP level 1. HP: 19/19 MP: 0/0
   184 | D:1      | Reached XP level 2. HP: 26/27 MP: 1/1
   296 | D:1      | Reached XP level 3. HP: 32/33 MP: 2/2
   763 | D:2      | Found a shadowy altar of Dithmenos.
  1016 | D:2      | Reached XP level 4. HP: 41/41 MP: 3/3
  1085 | D:2      | Found a runed door.
  1351 | D:2      | Noticed Natasha
  1358 | D:2      | Killed Natasha
  1395 | D:2      | Noticed Crazy Yiuf
  1402 | D:2      | Killed Crazy Yiuf
  1447 | D:3      | Reached skill level 5 in Fighting
  1447 | D:3      | Reached XP level 5. HP: 20/48 MP: 4/4
  1635 | D:3      | Reached XP level 6. HP: 21/56 MP: 5/5
  1874 | D:3      | Noticed Terence
  1879 | D:3      | Killed Terence
  1879 | D:3      | Reached skill level 5 in Axes
  1958 | D:3      | Noticed Ijyb
  1990 | D:3      | Killed Ijyb
  2161 | D:3      | Found a runed door.
  2257 | D:3      | Noticed Hebeh's ghost (amateur DECj)
  2666 | D:3      | Found a white marble altar of Elyvilon.
  2819 | D:3      | Killed Hebeh's ghost
  2819 | D:3      | Reached skill level 5 in Armour
  2819 | D:3      | Reached skill level 5 in Shields
  3059 | D:4      | Reached XP level 7. HP: 63/63 MP: 6/6
  3180 | D:4      | Got a wavering silver ring
  3216 | D:4      | Noticed Pikel
  3225 | D:4      | Killed Pikel
  3351 | D:4      | Reached XP level 8. HP: 73/73 MP: 7/7
  3386 | D:4      | Identified the ring "Luoklon" {rN+ Int+4 Slay+2} (You found it on level 4 of the Dungeon)
  3758 | D:5      | Entered Level 5 of the Dungeon
  3918 | D:5      | Found a sacrificial altar of Ru.
  4062 | D:5      | Found Gukkef's Book Shop.
  4623 | D:5      | Found a staircase to the Ecumenical Temple.
  4912 | D:6      | Reached XP level 9. HP: 80/82 MP: 8/8
  5059 | D:6      | Noticed Eustachio
  5079 | D:6      | Killed Eustachio
  5354 | D:6      | Paralysed by an orc for 4 turns
  5363 | D:6      | Paralysed by an orc for 3 turns
  5436 | D:6      | Found a stormy altar of Qazlal.
  5546 | D:6      | Noticed Blork the orc
  5552 | D:6      | Killed Blork the orc
  5596 | Temple   | Entered the Ecumenical Temple
  5755 | Temple   | Became a worshipper of Trog the Wrathful
  6199 | D:7      | Found a deep blue altar of Sif Muna.
  6247 | D:7      | Found an ancient bone altar of Kikubaaqudgha.
  6271 | D:7      | Reached skill level 10 in Fighting
  6410 | D:7      | Reached * piety under Trog
  6480 | D:7      | Reached skill level 10 in Axes
  6559 | D:7      | Reached XP level 10. HP: 72/94 MP: 9/9
  6794 | D:7      | Found an iron altar of Okawaru.
  6969 | D:8      | Noticed a two-headed ogre
  6975 | D:8      | Killed a two-headed ogre
  7092 | D:8      | Noticed a two-headed ogre
  7102 | D:8      | Killed a two-headed ogre
  7113 | D:8      | Noticed a two-headed ogre
  7123 | D:8      | Killed a two-headed ogre
  7388 | D:8      | Reached ** piety under Trog
  7923 | D:9      | Noticed Grum
  7934 | D:9      | Killed Grum
  7934 | D:9      | Reached XP level 11. HP: 91/104 MP: 10/10
  7998 | D:9      | Found Xoly's Weapon Emporium.
  8086 | D:9      | Noticed a two-headed ogre
  8100 | D:9      | Killed a two-headed ogre
  8280 | D:9      | Reached *** piety under Trog
  8829 | D:10     | Entered Level 10 of the Dungeon
  8874 | D:10     | Noticed a death knight
  9185 | D:10     | Killed a death knight
  9659 | D:10     | Reached **** piety under Trog
 10070 | D:10     | Found a staircase to the Lair.
 10146 | D:10     | Noticed a two-headed ogre
 10157 | D:10     | Killed a two-headed ogre
 10434 | D:11     | Reached skill level 10 in Armour
 10438 | D:11     | Reached skill level 10 in Shields
 10562 | D:11     | Noticed an orc knight
 10582 | D:11     | Killed an orc knight
 10633 | D:11     | Found a staircase to the Orcish Mines.
 10832 | D:11     | Noticed a two-headed ogre
 10844 | D:11     | Killed a two-headed ogre
 10848 | D:11     | Noticed an eight-headed hydra
 11396 | D:11     | Killed an 11-headed hydra
 11396 | D:11     | Reached XP level 12. HP: 115/115 MP: 11/11
 12144 | D:12     | Reached ***** piety under Trog
 12150 | D:12     | Found the ring of the Mage {Wiz MR++ Int+3}
 12621 | D:12     | Noticed a two-headed ogre
 12631 | D:12     | Killed a two-headed ogre
 12671 | D:12     | Found a runed door.
 12671 | D:12     | Noticed Zuhah's ghost (journeyman DDFi)
 13591 | Lair:1   | Entered Level 1 of the Lair of Beasts
 14961 | Lair:2   | Found a staircase to the Shoals.
 15481 | Lair:3   | Reached skill level 15 in Fighting
 15577 | Lair:3   | Reached XP level 13. HP: 118/126 MP: 12/12
 15607 | Lair:3   | Found a hole to the Spider Nest.
 16050 | Lair:4   | Noticed Urug
 16061 | Lair:4   | Killed Urug
 16086 | Lair:4   | Reached skill level 15 in Axes
 16159 | Lair:4   | Received a gift from Trog
 16959 | Lair:5   | Found a runed door.
 16959 | Lair:5   | Noticed azzavlup's ghost (journeyman MiBe)
 16989 | Lair:5   | HP: 7/190 [11-headed hydra (8)]
 16992 | Lair:5   | Slain by an 11-headed hydra

Vault maps used:
D:1:      saegor_arrival_simple_e, st_stairs_11
D:2:      nicolae_dithmenos_shadow_blocks, uniq_crazy_yiuf_cottage, uniq_natasha
D:3:      lemuel_coloured_pillars_altar, first_ration,
          ebering_ghost_reflecting_pool, uniq_terence, uniq_ijyb
D:4:      uniq_pikel
D:5:      nicolae_ru_path_of_blood, minmay_temple_entry_from_below_b,
          serial_shops, kennysheep_mini
D:6:      lemuel_doored_altar, uniq_eustachio, uniq_blork_the_orc
D:7:      kennysheep_mini_moat, overflow_temple_1_default,
          kiku_gazebo_pond_becter, grunt_ogre_cave
D:9:      serial_shops, kennysheep_little_box, uniq_grum
D:10:     minmay_curly_fans, lair_entry_dummy
D:11:     erik_orc_2, minmay_orc_keep
D:12:     hellmonk_ghost_happy_afterlife
Temple:   eino_temple_rhombus
Lair:2:   elwin_shoals_entry_rooms, lemuel_fruit_tree, grunt_megastairs_2
Lair:3:   spider_nest_entry_rubble, grunt_megastairs_3
Lair:4:   grunt_megastairs_1, lemuel_fruit_fields, uniq_urug
Lair:5:   dpeg_slime_entry_enclosed_altar, hellmonk_ghost_happy_afterlife,
          serial_bayou_shore_a, serial_bayou_shore_b, infiniplex_staircase_pool,
          lemuel_fruit_fields, uniq_snorg

Skill      XL: |  1  2  3  4  5  6  7  8  9 10 11 12 13 |
---------------+----------------------------------------+-----
Axes           | 3 4 5 6 8 10 11 13 14 15 | 15.3
Fighting       | 4 5 6 7 8 10 12 13 15 | 15.5
Armour         | 4 5 6 8 9 10 11 | 11.8
Shields        | 4 5 6 7 9 10 11 | 11.7

Action                   |  1- 3 |  4- 6 |  7- 9 | 10-12 | 13-15 || total
-------------------------+-------+-------+-------+-------+-------++-------
Melee: War axe           |    88 |   149 |   269 |   238 |       ||   744
       Headbutt          |    11 |    20 |    45 |   106 |    29 ||   211
       Broad axe         |       |       |       |   439 |   124 ||   563
       Flail             |       |       |       |       |     7 ||     7
Invok: Berserk           |       |       |       |     5 |     1 ||     6
       Trog's Hand       |       |       |       |     2 |     1 ||     3
  Use: Potion            |       |     2 |     1 |     4 |     1 ||     8
       Scroll            |       |     1 |       |    27 |       ||    28
  Eat: Chunk             |       |     7 |    12 |    32 |     4 ||    55
       Ration            |       |       |       |     2 |       ||     2
Armor: Scale mail        |    30 |       |       |       |       ||    30
       Plate armour      |     7 |    64 |   106 |   267 |    93 ||   537
Dodge: Dodged            |    31 |    46 |    74 |   177 |    86 ||   414
Block: Shield            |    44 |    79 |   145 |   367 |   112 ||   747

Table legend:
 A = Spawn XP
 B = Non-spawn XP
 C = Spawn XP percentage of total XP
 D = Spawn monster count
 E = Non-spawn monster count
 F = Spawn count percentage of total count
 G = Total turns spent on level
                    A         B        C        D         E        F      G
               +---------+---------+-------+---------+---------+-------+---------
         Total |       0 |   47953 |   0.0 |       0 |     488 |   0.0 | 16992
               +---------+---------+-------+---------+---------+-------+---------
           D:1 |       0 |      46 |   0.0 |       0 |      29 |   0.0 |   618
           D:2 |       0 |     145 |   0.0 |       0 |      17 |   0.0 |   824
           D:3 |       0 |     513 |   0.0 |       0 |      46 |   0.0 |  1454
           D:4 |       0 |     894 |   0.0 |       0 |      12 |   0.0 |   862
           D:5 |       0 |     966 |   0.0 |       0 |      27 |   0.0 |  1047
           D:6 |       0 |     993 |   0.0 |       0 |      27 |   0.0 |  1135
           D:7 |       0 |    2220 |   0.0 |       0 |      39 |   0.0 |   858
           D:8 |       0 |    4848 |   0.0 |       0 |      37 |   0.0 |   924
           D:9 |       0 |    2977 |   0.0 |       0 |      44 |   0.0 |   936
          D:10 |       0 |    3504 |   0.0 |       0 |      36 |   0.0 |  1636
          D:11 |       0 |    5665 |   0.0 |       0 |      54 |   0.0 |  1823
          D:12 |       0 |    4520 |   0.0 |       0 |      27 |   0.0 |  1269
          D:13 |       0 |     219 |   0.0 |       0 |       1 |   0.0 |    34
        Lair:1 |       0 |    2466 |   0.0 |       0 |       9 |   0.0 |   629
        Lair:2 |       0 |    4709 |   0.0 |       0 |      23 |   0.0 |  1000
        Lair:3 |       0 |    4832 |   0.0 |       0 |      21 |   0.0 |   818
        Lair:4 |       0 |    6265 |   0.0 |       0 |      29 |   0.0 |   858
        Lair:5 |       0 |    2171 |   0.0 |       0 |      10 |   0.0 |    96
               +---------+---------+-------+---------+---------+-------+---------
